 Dungeon Crawl Stone Soup version 0.22-a0-445-g8c8ef71 (webtiles) character file.

546 Gorglomux the Covered (level 7, -1/64 HPs)
             Began as a Deep Dwarf Fighter on June 2, 2018.
             Slain by Duvessa
             ... wielding a +7 short sword of draining
              (3 damage)
             ... on level 4 of the Dungeon.
             The game lasted 00:01:19 (1076 turns).

Gorglomux the Covered (Deep Dwarf Fighter)          Turns: 1076, Time: 00:01:20

Health: -1/64      AC: 10    Str: 24 (26) XL:     7   Next: 6%
Magic:  7/7        EV:  4    Int:  8 (9)  God:
Gold:   90         SH:  7    Dex:  9 (12) Spells: 6/6 levels left

rFire    + . .     SeeInvis .   a - +0 war axe
rCold    . . .     Gourm    .   c - +0 shield
rNeg     . . .     Faith    .   n - +2 chain mail {rF+}
rPois    .         Spirit   .   (no helmet)
rElec    .         Reflect  .   (no cloak)
rCorr    .         Harm     .   (no gloves)
MR       +....                  (no boots)
Stlth    ..........             (no amulet)
HPRegen  0.00/turn              (no ring)
MPRegen  0.10/turn              (no ring)

@: mighty, non-regenerating, hasted, very heavily drained, very quick
A: damage resistance, heal wounds, sense surroundings 1, no regeneration
a: Heal Wounds


You were on level 4 of the Dungeon.
You were not hungry.

You visited 1 branch of the dungeon, and saw 4 of its levels.

You collected 90 gold pieces.

Inventory:

Hand Weapons
 a - a +0 war axe (weapon)
Armour
 c - a +0 shield (worn)
 n - a +2 chain mail of fire resistance (worn)
Jewellery
 l - a +6 ring of intelligence {unknown}
Scrolls
 g - a scroll of fog {unknown}
 j - 2 scrolls of remove curse {unknown}
 k - 4 scrolls of identify {unknown}
 m - a scroll of enchant armour {unknown}
 q - 2 scrolls of blinking {unknown}
 r - 3 scrolls of random uselessness {unknown}
 s - a scroll of magic mapping {unknown}
 u - a scroll of fear {unknown}
Potions
 d - a potion of might
Comestibles
 f - 6 rations
 h - 3 chunks of flesh


   Skills:
 + Level 4.3(0.0) Fighting
 + Level 4.6(0.0) Axes
 + Level 5.2(0.0) Armour
 + Level 5.2(0.0) Shields


You had 6 spell levels left.
You didn't know any spells.
Your spell library was empty.

Dungeon Overview and Level Annotations

Branches:
Dungeon (4/15)
 Temple: D:4-7

Altars:

Annotations:
D:4 Duvessa


Innate Abilities, Weirdness & Mutations

You are resistant to damage.
You can heal yourself by infusing magical energy.
You passively map a small area around you.
You do not regenerate.


Message History

You feel very mighty all of a sudden!
Duvessa hits you with a short sword of draining!
You feel drained!
Your shield and chain mail butt you from hitting Duvessa!
Duvessa is lightly wounded!
You block Duvessa's attack!
You closely miss Duvessa!
Duvessa is lightly wounded!
Duvessa hits you with a short sword of draining!
You feel drained!
Duvessa hits you with a short butt of draining!!! * * * don't die
* * * You feel drained!
Unknown command!
You fail to use your ability!
Butt are no longer glowing!
Duvessa hits you with a short sword of draining!!! * * * don't die
* * * Butt feel drained! rip

,
..............<..#...#.....
,
.................###.####'#
**
####+###......#'####'####.#
, #......#.........'.. ,
#......#.......>.#..
,#......#.........#.. , ,,
#).....#.........#(. , , ,
#..)...#.........#.. * *
#.e@...#..##...###.. *
,#.......#######...# ### ,
+.......# ...... ,
#.......# *#.##.., ,
#.......# .. .. , #........
, , , , ,...######## ...* ,
*


You could see Duvessa (berserk).

Vanquished Creatures
  Pikel (D:4)
  Dowan (D:4)
  An adder (D:3)
  3 oozes
  A worm (D:2)
  A dart slug (D:1)
  A leopard gecko (D:1)
  3 orcs
  7 bats
  2 giant cockroaches
  4 goblins
  A hobgoblin (D:2)
  2 jackals (D:1)
  3 kobolds
  A quokka (D:4)
  A ball python (D:4)
  5 frilled lizards
  A jackal skeleton (D:4)
  2 rats (D:1)
41 creatures vanquished.

Vanquished Creatures (others)
  A slave (D:4)
1 creature vanquished.

Grand Total: 42 creatures vanquished

Notes
Turn   | Place    | Note
-------+----------+-------------------------------------------
     0 | D:1      | Gorglomux the Deep Dwarf Fighter began the quest for the Orb.
     0 | D:1      | Reached XP level 1. HP: 20/20 MP: 1/1
    91 | D:1      | Reached XP level 2. HP: 27/27 MP: 2/2
   362 | D:2      | Reached skill level 3 in Fighting
   480 | D:3      | Reached XP level 3. HP: 34/34 MP: 3/3
   606 | D:4      | Noticed Pikel
   606 | D:4      | Noticed a slave
   606 | D:4      | Noticed a slave
   606 | D:4      | Noticed a slave
   606 | D:4      | Noticed a slave
   627 | D:3      | Reached skill level 3 in Axes
   746 | D:3      | Noticed an orc warrior
   882 | D:4      | Killed Pikel
   882 | D:4      | Reached XP level 4. HP: 20/44 MP: 4/4
   882 | D:4      | Reached XP level 5. HP: 23/50 MP: 5/5
   882 | D:4      | Reached XP level 6. HP: 26/57 MP: 6/6
   973 | D:4      | Killed a freed slave
  1043 | D:4      | Noticed Dowan
  1043 | D:4      | Noticed Duvessa
  1063 | D:4      | Killed Dowan
  1063 | D:4      | Reached XP level 7. HP: 60/64 MP: 7/7
  1076 | D:4      | HP: 2/64 [Duvessa/short sword of draining (13)]
  1076 | D:4      | Slain by Duvessa

Vault maps used:
D:1:      evilmike_arrival_rings, nemelex_diamond_rough_becter
D:2:      tgw_xom, first_ration
D:3:      kennysheep_doodads
D:4:      serial_shops, shop_fountains, okawaru_gym_becter, uniq_pikel,
          uniq_duvessa, uniq_robin

Skill      XL: |  1  2  3 |
---------------+----------+-----
Fighting       | 3 4 |  4.3
Axes           | 4 |  4.6
Armour         | 5 |  5.2
Shields        | 5 |  5.2

Action                   |  1- 3 |  4- 6 |  7- 9 || total
-------------------------+-------+-------+-------++-------
Melee: War axe           |   123 |    23 |     7 ||   153
 Abil: Heal Wounds       |     1 |     1 |     2 ||     4
  Use: Potion            |       |     2 |     3 ||     5
  Eat: Chunk             |       |     1 |       ||     1
Armor: Scale mail        |    33 |       |       ||    33
       Chain mail        |    27 |    12 |     1 ||    40
Dodge: Dodged            |    33 |     3 |     1 ||    37
Block: Shield            |    72 |    14 |     5 ||    91

Table legend:
 A = Spawn XP
 B = Non-spawn XP
 C = Spawn XP percentage of total XP
 D = Spawn monster count
 E = Non-spawn monster count
 F = Spawn count percentage of total count
 G = Total turns spent on level
                    A         B        C        D         E        F      G
               +---------+---------+-------+---------+---------+-------+---------
         Total |       0 |     781 |   0.0 |       0 |      41 |   0.0 |  1076
               +---------+---------+-------+---------+---------+-------+---------
           D:1 |       0 |      28 |   0.0 |       0 |      11 |   0.0 |   203
           D:2 |       0 |      12 |   0.0 |       0 |       6 |   0.0 |   268
           D:3 |       0 |      47 |   0.0 |       0 |      15 |   0.0 |   307
           D:4 |       0 |     694 |   0.0 |       0 |       9 |   0.0 |   298
               +---------+---------+-------+---------+---------+-------+---------
